Cogmind - Beta 10.2 @@@ ROGUE MODE // 2021.04.09 @ 17:55:55 Player: ChromeKnight Result: Destroyed by G-73 Enforcer with Phase Gun Performance ------------- Evolutions (7) 3500 Regions Visited (23) 4600 Robots Destroyed (173) 865 Value Destroyed (7040) 7040 Prototype IDs (29) 580 Alien Tech Used (3) 600 Bonus (8212) 8212 TOTAL SCORE: 25397 Bonus ------- High Alert Combat Kills 316 Follower Combat Kills 2604 Met Zhirov 300 Built Enhanced Grunts 300 Used Core Reset Matrix 3000 Met Sigix 2000 Friendly Fire -308 Cogmind --------- Core Integrity 0/1300 Matter 37/300 Energy 100/100 System Corruption 22% Temperature Cool (9) Movement Core (450) Ox8 Location -3/Quarantine Parts ------- > --- POWER (2) -------- (None) > --- PROPULSION (5) --- (None) > --- UTILITY (9) ------ Large Storage Unit Advanced Armor Integrity Analyzer > --- WEAPON (5) ------- Bore Cannon > --- INVENTORY (10) --- High-capacity Matter Pod (0) Improved Targeting Computer Matter Drive Sigix Containment Pod Peak State ------------ > --- POWER ------------ Particle Reactor Light Particle Reactor > --- PROPULSION ------- Improved Gravmag System Linear Gravjet Cooled Gravmag System Cooled Gravmag System Cooled Gravmag System > --- UTILITY ---------- Advanced Cooling System Large Storage Unit Experimental Signal Interpreter Advanced Targeting Computer Advanced Target Analyzer Improved Core Analyzer Advanced Armor Integrity Analyzer Experimental Utility Shielding Experimental Weapon Shielding > --- WEAPON ----------- Bore Cannon Tri-rail Accelerator Tri-rail Accelerator > --- INVENTORY -------- Antigrav System High-capacity Matter Pod Improved Targeting Computer Matter Drive Bore Cannon Bore Cannon Tri-rail Accelerator [Rating: 135] Favorites ----------- Power Reinforced Fission Core Engine Ion Engine Power Core Reinforced Fission Core Reactor Cold Fusion Reactor Propulsion Antigrav System Treads Centrium Heavy Treads Leg Aluminum Leg Wheel Compact Wheel Hover Unit Antigrav System Utility Large Storage Unit Device Advanced Heat Sink Storage Large Storage Unit Processor Melee Analysis Suite Hackware Hacking Suite Protection Centrium Medium Armor Plating Weapon Improved KE Penetrator Energy Gun Particle Gun Ballistic Gun Improved KE Penetrator Ballistic Cannon Flak Cannon Impact Weapon Heavy Flail Slashing Weapon Katana Piercing Weapon Kinetic Spear Build | -11 -10 -9 -9 -9 -8 -8 -7 -7 -6 -6 -6 -6 -6 -5 -5 -5 -4 -4 -4 -4 -3 -3 -3 ------- Run | Scr Mat Mat Min Exi Min Mat Fac Sto Fac Ext Cet Arc Hub Fac Was Fac Fac Upp Upp Zhi Pro Res Qua Slots Evolved 14 | . . 2 . . . 2 2 . 2 . . . . 2 . . 2 . . . . 2 . Power 1 | . . . . . . . . . 1 . . . . . . . . . . . . . . Propulsion 3 | . . . . . . 2 . . 1 . . . . . . . . . . . . . . Utility 7 | . . 2 . . . . 1 . . . . . . 2 . . 2 . . . . . . Weapon 3 | . . . . . . . 1 . . . . . . . . . . . . . . 2 . Parts Attached 239 | 6 2 8 5 . 1 48 12 11 14 20 17 . 4 40 1 7 3 1 4 7 8 9 11 Power 29 | 1 . . 1 . . 7 4 2 3 2 1 . 1 2 . . . . 2 . . 1 2 Engine 12 | 1 . . 1 . . 3 3 2 1 1 . . . . . . . . . . . . . Core 7 | . . . . . . 4 1 . . . . . . 2 . . . . . . . . . Reactor 10 | . . . . . . . . . 2 1 1 . 1 . . . . . 2 . . 1 2 Propulsion 69 | 2 . . 3 . 1 14 4 5 5 9 5 . . 11 . 2 1 . . 3 2 1 1 Treads 7 | . . . . . . 1 . . . . 2 . . 4 . . . . . . . . . Leg 32 | . . . 3 . 1 8 3 2 3 9 3 . . . . . . . . . . . . Wheel 2 | 2 . . . . . . . . . . . . . . . . . . . . . . . Hover 28 | . . . . . . 5 1 3 2 . . . . 7 . 2 1 . . 3 2 1 1 Flight . | . . . . . . . . . . . . . . . . . . . . . . . . Utility 87 | 1 1 4 1 . . 11 3 3 4 5 5 . 2 22 1 4 2 1 2 4 6 1 4 Device 28 | . . 3 . . . 2 2 1 2 . 3 . 1 5 . 1 . 1 2 . 4 . 1 Storage 7 | 1 1 . . . . 3 . . . . . . 1 . . . . . . 1 . . . Processor 15 | . . . . . . 1 . . 2 2 . . . 4 1 1 2 . . . 1 . 1 Hackware 1 | . . . . . . . . . . 1 . . . . . . . . . . . . . Protection 36 | . . 1 1 . . 5 1 2 . 2 2 . . 13 . 2 . . . 3 1 1 2 Artifact . | . . . . . . . . . . . . . . . . . . . . . . . . Weapon 54 | 2 1 4 . . . 16 1 1 2 4 6 . 1 5 . 1 . . . . . 6 4 Energy Gun 11 | . . . . . . 9 . . . . 1 . . 1 . . . . . . . . . Energy Cannon . | . . . . . . . . . . . . . . . . . . . . . . . . Ballistic Gun 12 | 2 . . . . . 4 . . . . 2 . 1 2 . 1 . . . . . . . Ballistic Cannon 17 | . 1 4 . . . . . . . . 1 . . 1 . . . . . . . 6 4 Launcher . | . . . . . . . . . . . . . . . . . . . . . . . . Special Weapon . | . . . . . . . . . . . . . . . . . . . . . . . . Impact Weapon 4 | . . . . . . 1 1 . 1 1 . . . . . . . . . . . . . Slashing Weapon 9 | . . . . . . 2 . 1 1 3 2 . . . . . . . . . . . . Piercing Weapon 1 | . . . . . . . . . . . . . . 1 . . . . . . . . . Special Melee Weapon . | . . . . . . . . . . . . . . . . . . . . . . . . Unidentified Prototypes 19 | . . . . . . 2 2 . 1 . 4 . . 4 . . . . . 4 . 1 1 Parts Lost 76 | . . . 3 . 3 19 1 5 2 5 6 1 . 6 . . 3 . . . 2 4 16 Power 9 | . . . . . . 2 . 1 . . 1 . . 1 . . 1 . . . . 1 2 Propulsion 33 | . . . 2 . 1 8 1 2 1 3 3 . . 3 . . 1 . . . 1 1 6 Utility 20 | . . . 1 . . 1 . 2 1 2 1 . . 2 . . 1 . . . 1 2 6 Weapon 14 | . . . . . 2 8 . . . . 1 1 . . . . . . . . . . 2 Highest Loss Streak 16 | . . . 1 . 3 12 1 3 1 3 6 1 . 2 . . 3 . . . 2 4 16 Average Slot Usage (%) 88 | . 85 92 88 88 69 74 98 95 89 99 78 78 78 84 94 94 85 87 93 93 93 80 81 Engine 3 | . 14 11 11 11 11 2 6 6 3 . . . . . . . . . . . . . . Core 2 | . . . . . . 5 . . . . . . . 5 11 11 6 5 5 5 5 3 . Reactor 3 | . . . . . . . . . 7 12 10 13 13 3 . . . . 4 5 5 4 8 Treads 2 | . . . . . . 1 . . . . 10 13 13 11 . . . . . . . . . Leg 9 | . . . 9 22 22 17 21 19 13 31 5 . . . . . . . . . . . . Wheel 2 | . 28 22 4 . . . . . . . . . . . . . . . . . . . . Hover 9 | . . . . . . 9 7 7 14 1 . . . 5 29 29 24 26 26 26 25 22 21 Device 8 | . . 15 22 22 22 4 6 3 1 . 9 13 13 7 11 11 6 8 10 10 10 7 4 Storage 7 | . 14 11 11 11 11 9 7 7 6 6 6 6 6 5 5 5 5 5 5 5 5 4 4 Processor 10 | . . . . . . 1 7 7 15 19 4 . . 5 16 17 26 26 26 26 26 23 23 Protection 9 | . . 10 9 . . 8 15 18 6 5 10 13 13 19 5 4 5 5 5 4 5 2 8 Ballistic Gun 5 | . 21 1 . . . 4 . . . . 8 13 18 15 5 5 5 5 5 5 5 2 . Ballistic Cannon 5 | . 6 20 22 22 3 . . . . . 3 5 . . 5 5 5 5 5 5 5 5 8 Impact Weapon 1 | . . . . . . 1 7 7 6 6 . . . . . . . . . . . . . Slashing Weapon 4 | . . . . . . 2 15 15 13 12 4 . . . . . . . . . . . . Naked Turns . | . . . . . . . . . . . . . . . . . . . . . . . . Heaviest Build 97 | 11 17 36 36 35 35 41 49 49 49 57 85 85 82 97 73 67 67 60 72 72 72 82 91 Greatest Support 173 | 26 26 26 30 30 30 40 50 60 48 98 160 160 160 173 76 79 79 79 79 84 84 82 77 Greatest Overweight (x) 14 | . . 1 11 1 1 8 3 2 14 1 2 . . 2 . . . 1 1 . 1 1 8 Average Overweight (x) . | . . . 2 1 . . . . 1 . . . . . . . . . . . . . . Largest Inventory Capacity 14 | 6 10 8 8 8 8 14 10 10 10 10 10 10 10 10 10 10 10 10 10 10 10 10 10 Average Capacity 9 | 4 6 8 8 8 8 9 10 10 10 10 10 10 10 10 10 10 10 10 10 10 10 10 10 Most Carried 11 | 2 2 8 8 8 8 11 10 10 10 10 10 10 10 10 10 10 10 10 10 10 10 10 10 Average Carried 9 | . 1 7 8 8 8 8 9 9 9 9 9 10 9 9 9 9 9 10 10 9 9 9 9 Final Capacity 10 | 6 8 8 8 8 8 10 10 10 10 10 10 10 10 10 10 10 10 10 10 10 10 10 10 Final Carried 10 | 1 2 8 8 8 8 10 9 10 9 10 10 10 10 9 10 10 10 10 10 10 10 10 6 Class Distribution -------------------- 48% | Mutant 21% | Scavenger-Gunner 19% | Scavenger-Tank 7% | Scavenger-Mutant Dominant Class ---------------- Mutant | -10/Materials Mutant | -9/Materials Mutant | -9/Mines Mutant | -9/Exiles Mutant | -8/Mines Scavenger-Mutant | -8/Materials Mutant | -7/Factory Mutant | -7/Storage Mutant | -6/Factory Mutant | -6/Extension Scavenger-Tank | -6/Cetus Scavenger-Tank | -6/Archives Scavenger-Tank | -6/Hub_04(d) Scavenger-Tank | -5/Factory Scavenger-Gunner | -5/Waste Scavenger-Gunner | -5/Factory Scavenger-Gunner | -4/Factory Scavenger-Gunner | -4/Upper Caves Scavenger-Gunner | -4/Upper Caves Scavenger-Gunner | -4/Zhirov Scavenger-Gunner | -3/Proximity Caves Scavenger-Gunner | -3/Research Scavenger-Gunner | -3/Quarantine Resources | -11 -10 -9 -9 -9 -8 -8 -7 -7 -6 -6 -6 -6 -6 -5 -5 -5 -4 -4 -4 -4 -3 -3 -3 ----------- Run | Scr Mat Mat Min Exi Min Mat Fac Sto Fac Ext Cet Arc Hub Fac Was Fac Fac Upp Upp Zhi Pro Res Qua Matter Collected 5864 | 171 129 472 276 . 25 621 65 145 135 198 321 . 227 1119 637 92 124 73 112 128 254 295 245 Remotely . | . . . . . . . . . . . . . . . . . . . . . . . . Salvage Created 9348 | . 73 472 207 . 25 809 240 636 230 676 315 49 387 1827 1260 162 405 79 120 255 443 433 245 Parts 407 | . 2 23 12 . 2 49 11 35 11 21 15 3 29 106 1 7 21 3 8 . 25 18 5 Haulers Intercepted 8 | . . 1 . . . 1 . 1 1 . . . . 1 . 1 . . . . . 2 . Recyclers Shooed 11 | . . 3 . . . 1 . . . 1 . . 1 1 . . 1 . . . . 1 2 Parts Field Recycled . | . . . . . . . . . . . . . . . . . . . . . . . . Retrieved Matter . | . . . . . . . . . . . . . . . . . . . . . . . . Parts Self-Destructed 41 | . . . . . . . . . . . . . . . . . . 4 9 . 28 . . Prevented . | . . . . . . . . . . . . . . . . . . . . . . . . Kills | -11 -10 -9 -9 -9 -8 -8 -7 -7 -6 -6 -6 -6 -6 -5 -5 -5 -4 -4 -4 -4 -3 -3 -3 ------- Run | Scr Mat Mat Min Exi Min Mat Fac Sto Fac Ext Cet Arc Hub Fac Was Fac Fac Upp Upp Zhi Pro Res Qua Combat Hostiles Destroyed 128 | . 2 8 8 . 1 15 4 11 2 9 5 1 5 23 6 1 3 . 4 . 11 6 3 Melee 27 | . . . . . . 1 4 10 2 9 1 . . . . . . . . . . . . Guns 47 | . . . . . . 13 . . . . 3 . 5 22 . . 1 . 1 . 2 . . Cannons 52 | . 2 8 8 . 1 . . . . . 1 1 . 1 6 1 2 . 3 . 9 6 3 AOE 1 | . . . . . . 1 . . . . . . . . . . . . . . . . . Classes Destroyed 17 | . 1 6 1 . . 1 . 1 . . 1 . 1 2 1 . . 1 . . . . 1 Worker 11 | . . 1 1 . . . . . . . . . . 5 . . 1 . . . . 3 . Builder 6 | . . . . . . . . . . . . . . 6 . . . . . . . . . Tunneler 2 | . . . . . . . . . . . . . . 1 . . 1 . . . . . . Hauler 8 | . . 1 . . . 1 . 1 1 . . . . 1 . 1 . . . . . 2 . Recycler 8 | . . 2 . . . . . . . 1 . . . 3 . . 1 . . . . . 1 Operator 3 | . . . . . . . . . . . . . 2 1 . . . . . . . . . Watcher 6 | . . 1 . . . . . 2 . . . . 1 1 . . 1 . . . . . . Swarmer 26 | . . . 3 . . . . 3 . . . . . 5 . . . . 3 . 7 5 . Grunt 44 | . 2 5 5 . 1 7 2 5 . 4 3 . 4 2 . . . . 1 . 1 1 1 Brawler 3 | . . 1 . . . 1 . . . . . . . 1 . . . . . . . . . Duelist 3 | . . . . . . 1 . . . . . . . 1 . . 1 . . . . . . Sentry 26 | . . 2 . . . 6 2 2 2 5 . . 1 3 . 1 1 . . . 1 . . Specialist 2 | . . . . . . . . . . . . . . . . . . . . . . . 2 Hunter 6 | . . . . . . . . . . . 1 1 . 4 . . . . . . . . . Programmer 11 | . . . . . . . . 1 . . . . . 7 . . 1 . . . 2 . . Compactor 6 | . . . . . . . . . . . . . . . 6 . . . . . . . . Cetus Guard 1 | . . . . . . . . . . . 1 . . . . . . . . . . . . Samaritan 2 | . . . . . . . . . . . . . . . . . . 2 . . . . . Wasp 1 | . . . . . . . . . . . . . . . . . 1 . . . . . . Best Kill Streak 10 | . 2 4 3 . 1 3 2 3 1 2 4 1 6 10 1 1 7 . 3 . 4 5 1 Combat Bots Only 7 | . 2 2 3 . 1 3 2 3 1 2 4 1 5 7 1 1 2 . 3 . 4 5 1 Max Kills in Single Turn 4 | . 1 1 1 . 1 1 1 1 1 1 2 1 2 4 1 1 3 1 2 . 1 2 1 Gunslinging 1 | . . . . . . . . . . . . . 1 . . . . . . . . . . Exploded 1 | . . . . . . 1 . . . . . . . . . . . . . . . . . Melee 1 | . . . . . . 1 1 1 1 1 1 . . . . . . . . . . . . Uniques/NPCs Destroyed . | . . . . . . . . . . . . . . . . . . . . . . . . Combat | -11 -10 -9 -9 -9 -8 -8 -7 -7 -6 -6 -6 -6 -6 -5 -5 -5 -4 -4 -4 -4 -3 -3 -3 -------- Run | Scr Mat Mat Min Exi Min Mat Fac Sto Fac Ext Cet Arc Hub Fac Was Fac Fac Upp Upp Zhi Pro Res Qua Damage Taken 17490 | . 87 392 356 . 366 2464 550 1212 258 1803 1483 728 275 2428 . 41 241 47 89 . 649 1260 2761 Core 2905 | . 11 73 47 . 87 520 92 169 56 196 163 35 35 138 . . 22 . 16 . 45 267 933 Absorbed by Shields 574 | . . . . . . . 66 33 33 124 318 . . . . . . . . . . . . Reduced by Siege Mode 46 | . . . . . . . . . . . . . . 46 . . . . . . . . . Core Remaining (%) 66 | 100 95 . . . 48 5 . 62 . . . . 42 . . 86 . . . . 92 . . Volleys Fired 353 | . 7 41 17 . 3 61 . . . . 8 5 10 71 40 2 7 4 6 4 20 25 22 Largest 3 | . 2 2 2 . 2 2 . . . . 3 3 3 3 2 2 2 2 2 2 2 2 3 Hottest 177 | . 55 88 88 . 88 115 . . . . 127 127 105 105 88 93 93 93 93 93 93 120 177 Shots Fired 716 | . 14 82 33 . 4 81 . . . . 26 15 29 178 77 4 14 8 12 8 40 50 41 Gun 402 | . 7 . . . . 81 . . . . 17 10 29 164 37 2 7 4 6 4 20 14 . Cannon 314 | . 7 82 33 . 4 . . . . . 9 5 . 14 40 2 7 4 6 4 20 36 41 Launcher . | . . . . . . . . . . . . . . . . . . . . . . . . Special . | . . . . . . . . . . . . . . . . . . . . . . . . Kinetic 683 | . 14 82 33 . 4 49 . . . . 25 15 29 178 77 4 14 8 12 8 40 50 41 Thermal 24 | . . . . . . 23 . . . . 1 . . . . . . . . . . . . Explosive . | . . . . . . . . . . . . . . . . . . . . . . . . Electromagnetic 9 | . . . . . . 9 . . . . . . . . . . . . . . . . . Robot Hit Streak 26 | . 6 7 8 . 6 14 . . . . 5 4 6 26 13 3 9 4 7 10 13 12 8 Robot Miss Streak 6 | . 2 6 5 . 4 1 . . . . 5 2 3 6 3 2 3 1 2 2 4 5 3 Penetration Max 2 | . . . . . . . . . . . . 2 1 1 1 1 . . . 1 . 1 . Secondary Targets 8 | . . . . . . 1 . . . . . . 4 3 . . . . . . . . . Max Gunslinging Chain 1 | . . . . . . 1 . . . . . . 1 1 . . . . . . . . . Shots Hit Robots 664 | . 9 75 30 . 4 74 19 42 7 52 26 10 18 115 65 3 10 7 9 7 30 27 25 Core Hits 373 | . 4 40 24 . 7 30 6 16 5 16 11 4 14 69 23 4 17 6 5 7 27 25 13 Critical Hits 70 | . . . . . . 1 . 1 . 2 2 3 2 28 8 1 3 . 1 1 4 7 6 Critical Kills 22 | . . . . . . . . . . . 1 1 1 11 . 1 1 . 1 . 3 1 1 Critical Parts Destroyed 34 | . . . . . . 1 . 1 . 2 1 2 1 15 2 . 1 . . . . 4 4 Melee Attacks 195 | . . . . . . 7 31 60 7 74 16 . . . . . . . . . . . . Impact 13 | . . . . . . . 3 3 . 5 2 . . . . . . . . . . . . Slashing 182 | . . . . . . 7 28 57 7 69 14 . . . . . . . . . . . . Piercing . | . . . . . . . . . . . . . . . . . . . . . . . . Sneak Attacks 8 | . . . . . . . 2 2 1 3 . . . . . . . . . . . . . Combat Hostiles . | . . . . . . . . . . . . . . . . . . . . . . . . Follow-up Attacks 34 | . . . . . . 1 7 13 . 8 5 . . . . . . . . . . . . Damage Inflicted 22104 | . 109 790 330 . 78 1460 713 1459 288 2077 946 303 564 4419 3518 161 658 274 391 327 919 1242 1078 Guns 6695 | . 37 . . . . 1142 . . . . 231 176 564 2900 662 51 157 74 113 117 312 159 . Cannons 8356 | . 72 780 330 . 76 . . . . . 67 127 . 496 2856 110 232 200 278 210 607 965 950 Explosions 1350 | . . . . . . 116 . . . . . . . 965 . . 269 . . . . . . Melee 5375 | . . . . . . 196 713 1459 288 2071 648 . . . . . . . . . . . . Ramming 328 | . . 10 . . 2 6 . . . 6 . . . 58 . . . . . . . 118 128 Kinetic 14609 | . 109 780 330 . 76 700 . . . . 298 303 564 3396 3518 161 389 274 391 327 919 1124 950 Thermal 545 | . . . . . . 431 . . . . . . . . . . 114 . . . . . . Explosive 965 | . . . . . . . . . . . . . . 965 . . . . . . . . . Electromagnetic 282 | . . . . . . 127 . . . . . . . . . . 155 . . . . . . Impact 291 | . . . . . . . 73 69 . 96 53 . . . . . . . . . . . . Slashing 5084 | . . . . . . 196 640 1390 288 1975 595 . . . . . . . . . . . . Piercing . | . . . . . . . . . . . . . . . . . . . . . . . . Highest Corruption 22 | . . . 2 2 2 . 1 1 . 5 5 5 5 15 15 15 . . . . 2 . 22 Average Corruption 5 | . . . 2 2 2 . 1 1 . 5 5 5 5 10 15 15 . . . . 2 . 7 Corruption Purged . | . . . . . . . . . . . . . . . . . . . . . . . . Effects 209 | . . . 8 6 1 . 2 8 . 15 17 4 6 84 31 27 . . . . . . . Message Errors 39 | . . . 1 1 . . 1 7 . 5 4 . . 13 3 4 . . . . . . . Matter Fused 29 | . . . . . . . . . . 1 3 1 2 15 3 4 . . . . . . . Heat Flow Errors 18 | . . . 3 1 . . . . . 3 1 . . 5 2 3 . . . . . . . Energy Discharges 15 | . . . 1 2 . . 1 1 . 1 . . . 5 2 2 . . . . . . . Parts Rejected 2 | . . . . . . . . . . . . . . 2 . . . . . . . . . Data Loss (minor) 21 | . . . 2 2 1 . . . . 3 1 1 . 10 1 . . . . . . . . Data Loss (major) 2 | . . . . . . . . . . . . 1 . 1 . . . . . . . . . Misfires 5 | . . . . . . . . . . . 2 . . 3 . . . . . . . . . Alerts 1 | . . . . . . . . . . . . . . . . 1 . . . . . . . Misdirections 30 | . . . . . . . . . . . . . . 11 7 12 . . . . . . . Targeting Errors 37 | . . . . . . . . . . 2 6 1 4 13 10 1 . . . . . . . Weapon Failures 10 | . . . 1 . . . . . . . . . . 6 3 . . . . . . . . Overload Shots . | . . . . . . . . . . . . . . . . . . . . . . . . Overflow Damage 760 | . . . . . . . 117 88 . 216 . . . 175 . . 25 23 . 33 4 51 28 Projectiles 145 | . . . . . . . . . . . . . . 24 . . 25 23 . 33 4 8 28 Explosions 133 | . . . . . . . . . . . . . . 133 . . . . . . . . . Melee 482 | . . . . . . . 117 88 . 216 . . . 18 . . . . . . . 43 . Knockbacks 64 | . 1 19 8 . 3 . . . . 1 1 . . 3 . . 1 . 3 . 5 13 6 Impact 2 | . . . . . . . . . . 1 . . . 1 . . . . . . . . . Kinetic 59 | . 1 19 7 . 3 . . . . . 1 . . 2 . . 1 . 3 . 5 12 5 Secondary 3 | . . . 1 . . . . . . . . . . . . . . . . . . 1 1 Self-Inflicted Damage 326 | . . 5 . . 1 51 . . . . . . . 149 . . . . . . . 58 62 Shots 4 | . . . . . . 1 . . . . . . . 3 . . . . . . . . . Rammed 18 | . . 1 . . 1 3 . . . . . . . 1 . . . . . . . 5 7 Targets Rammed 19 | . . 1 . . 1 3 . . . 1 . . . 1 . . . . . . . 5 7 Kicked 1 | . . . . . . . . . . 1 . . . . . . . . . . . . . Crushed . | . . . . . . . . . . . . . . . . . . . . . . . . Highest Temperature 272 | . 35 164 219 272 104 159 . . . 226 143 . . 193 248 249 . . . . . . . Average Temperature 51 | . 19 54 57 137 56 34 . . . 111 87 . . 24 129 106 . . . . . . . Received Heat Transfer 3332 | . 48 159 117 . 189 981 182 247 80 431 199 . 93 126 . 9 21 . 9 . 9 117 315 Siege Activations 1 | . . . . . . . . . . . . . . 1 . . . . . . . . . Total Turns 131 | . . . . . . . . . . . . . . 131 . . . . . . . . . Longest Duration 131 | . . . . . . . . . . . . . . 131 . . . . . . . . . Robots Corrupted . | . . . . . . . . . . . . . . . . . . . . . . . . Combat Hostiles . | . . . . . . . . . . . . . . . . . . . . . . . . Parts Fried 2 | . . . . . . . . 2 . . . . . . . . . . . . . . . Impact Corruptions 4 | . . . . . . . . 1 . . . . . 1 . . . . . . . 2 . Robots Melted . | . . . . . . . . . . . . . . . . . . . . . . . . Combat Hostiles . | . . . . . . . . . . . . . . . . . . . . . . . . Parts Melted 1 | . . . . . . . . 1 . . . . . . . . . . . . . . . Heat Transferred 890 | . . . . . . 840 . . . . . . . . . . 50 . . . . . . Parts Sabotaged . | . . . . . . . . . . . . . . . . . . . . . . . . Parts Stolen . | . . . . . . . . . . . . . . . . . . . . . . . . Parts Stripped . | . . . . . . . . . . . . . . . . . . . . . . . . Power Chain Reactions 3 | . . . . . . 1 . . . . . . . 1 . . 1 . . . . . . Missiles Intercepted . | . . . . . . . . . . . . . . . . . . . . . . . . Alert | -11 -10 -9 -9 -9 -8 -8 -7 -7 -6 -6 -6 -6 -6 -5 -5 -5 -4 -4 -4 -4 -3 -3 -3 ------- Run | Scr Mat Mat Min Exi Min Mat Fac Sto Fac Ext Cet Arc Hub Fac Was Fac Fac Upp Upp Zhi Pro Res Qua Peak Influence 859 | . 139 232 244 . 25 181 86 270 89 324 434 682 442 694 246 761 859 . . . . 532 542 Initial 372 | . . 58 74 . . 1 20 . 12 . 180 93 238 216 242 163 372 . . . . 182 299 Average 190 | . 66 140 142 . 6 66 37 118 64 53 224 281 327 328 234 654 643 . . . . 281 432 Maximum Alert Level 3 | . . 1 1 . . . . 1 . 1 2 2 2 2 1 3 3 . . . . 2 2 Low Security (%) 61 | 100 100 69 77 . 100 100 100 82 100 95 60 48 . 16 . 3 . . . . . 24 . Level 1 25 | . . 30 22 . . . . 17 . 4 29 27 64 57 100 11 27 . . . . 61 19 Level 2 10 | . . . . . . . . . . . 9 24 35 25 . 15 26 . . . . 14 80 Level 3 2 | . . . . . . . . . . . . . . . . 69 45 . . . . . . Level 4 . | . . . . . . . . . . . . . . . . . . . . . . . . Level 5 . | . . . . . . . . . . . . . . . . . . . . . . . . High Security . | . . . . . . . . . . . . . . . . . . . . . . . . Max Security . | . . . . . . . . . . . . . . . . . . . . . . . . Squads Dispatched 33 | . . 4 . . . 4 2 3 . 1 2 . 1 5 . 5 1 . . . . 3 2 Investigation 8 | . . 3 . . . . 1 1 . 1 2 . . . . . . . . . . . . Extermination 5 | . . . . . . . 1 1 . . . . . 3 . . . . . . . . . Reinforcement 11 | . . 1 . . . 1 . 1 . . . . 1 2 . 2 1 . . . . 2 . Assault 2 | . . . . . . . . . . . . . . . . . . . . . . . 2 Garrison 7 | . . . . . . 3 . . . . . . . . . 3 . . . . . 1 . Intercept . | . . . . . . . . . . . . . . . . . . . . . . . . Construction Impeded 2 | . . . . . . . . . . . . . . 1 . 1 . . . . . . . Haulers Reinforced 5 | . . . . . . . . 1 . . . . . 1 . 1 1 . . . . 1 . Stealth | -11 -10 -9 -9 -9 -8 -8 -7 -7 -6 -6 -6 -6 -6 -5 -5 -5 -4 -4 -4 -4 -3 -3 -3 --------- Run | Scr Mat Mat Min Exi Min Mat Fac Sto Fac Ext Cet Arc Hub Fac Was Fac Fac Upp Upp Zhi Pro Res Qua Distress Signals 12 | . . 1 . . . . . 3 . 1 1 . 1 1 . . 2 . . . . 2 . Communications Jammed . | . . . . . . . . . . . . . . . . . . . . . . . . Distress Signals . | . . . . . . . . . . . . . . . . . . . . . . . . Times Spotted 289 | . 5 19 10 . 3 20 4 20 2 23 12 22 12 35 6 6 7 3 7 . 17 33 23 Peak Tracking Total 16 | . 3 4 3 . 3 5 2 7 1 6 5 16 7 5 2 5 5 1 4 . 4 13 12 Tactical Retreats 18 | . 1 2 . . . . . 4 . 4 . . 2 . . . . . . . 1 3 1 Traps | -11 -10 -9 -9 -9 -8 -8 -7 -7 -6 -6 -6 -6 -6 -5 -5 -5 -4 -4 -4 -4 -3 -3 -3 ------- Run | Scr Mat Mat Min Exi Min Mat Fac Sto Fac Ext Cet Arc Hub Fac Was Fac Fac Upp Upp Zhi Pro Res Qua Traps Triggered 13 | . . 3 . . . . . 2 . 4 . . . 2 . . 2 . . . . . . Indirectly 1 | . . . . . . . . . . . . . . . . . 1 . . . . . . Trap Hack Attempts . | . . . . . . . . . . . . . . . . . . . . . . . . Triggered . | . . . . . . . . . . . . . . . . . . . . . . . . Disarmed . | . . . . . . . . . . . . . . . . . . . . . . . . Reprogrammed . | . . . . . . . . . . . . . . . . . . . . . . . . Reused . | . . . . . . . . . . . . . . . . . . . . . . . . Traps Extracted . | . . . . . . . . . . . . . . . . . . . . . . . . Installed . | . . . . . . . . . . . . . . . . . . . . . . . . Triggered . | . . . . . . . . . . . . . . . . . . . . . . . . Machines | -11 -10 -9 -9 -9 -8 -8 -7 -7 -6 -6 -6 -6 -6 -5 -5 -5 -4 -4 -4 -4 -3 -3 -3 ---------- Run | Scr Mat Mat Min Exi Min Mat Fac Sto Fac Ext Cet Arc Hub Fac Was Fac Fac Upp Upp Zhi Pro Res Qua Machines Disabled 32 | . 1 . 4 . . 1 . 1 . 2 3 1 . 7 . 1 8 . . . . . 3 Max in Single Turn 2 | . 1 . . . . 1 . 1 . . 1 1 . 2 . 1 2 . . . . . 1 Garrison Access 1 | . . . . . . . . . . . . . . . . 1 . . . . . . . Machines Sabotaged . | . . . . . . . . . . . . . . . . . . . . . . . . Garrisons Compromised . | . . . . . . . . . . . . . . . . . . . . . . . . Overloaded Fab Kills . | . . . . . . . . . . . . . . . . . . . . . . . . Fab Network Shutdowns . | . . . . . . . . . . . . . . . . . . . . . . . . Hacking | -11 -10 -9 -9 -9 -8 -8 -7 -7 -6 -6 -6 -6 -6 -5 -5 -5 -4 -4 -4 -4 -3 -3 -3 --------- Run | Scr Mat Mat Min Exi Min Mat Fac Sto Fac Ext Cet Arc Hub Fac Was Fac Fac Upp Upp Zhi Pro Res Qua Machines Accessed 38 | . 2 1 . 1 . 2 3 5 1 7 3 . 2 2 . 2 . . . 4 . . 3 Terminals 26 | . 2 1 . . . 2 1 5 1 7 3 . 2 . . . . . . . . . 2 Fabricators 2 | . . . . . . . . . . . . . . 1 . 1 . . . . . . . Repair Stations 2 | . . . . . . . 1 . . . . . . 1 . . . . . . . . . Recycling Units . | . . . . . . . . . . . . . . . . . . . . . . . . Scanalyzers 1 | . . . . . . . . . . . . . . . . . . . . . . . 1 Garrison Access 2 | . . . . . . . 1 . . . . . . . . 1 . . . . . . . Total Hacks 73 | . 2 1 . 1 . 2 4 7 1 16 9 . 4 2 . 3 . . . 17 . . 4 Successful 38 | . 1 . . 1 . 1 . 5 . 6 . . 1 1 . 2 . . . 17 . . 3 Failed 35 | . 1 1 . . . 1 4 2 1 10 9 . 3 1 . 1 . . . . . . 1 Catastrophic 12 | . . . . . . 1 3 . . 3 4 . . 1 . . . . . . . . . Database Lockouts . | . . . . . . . . . . . . . . . . . . . . . . . . Manual 9 | . . . . . . 1 . 3 . 3 1 . . . . . . . . . . . 1 Terminals 47 | . 2 1 . . . 2 2 7 1 16 9 . 4 . . . . . . . . . 3 Fabricators 3 | . . . . . . . . . . . . . . 1 . 2 . . . . . . . Repair Stations 2 | . . . . . . . 1 . . . . . . 1 . . . . . . . . . Recycling Units . | . . . . . . . . . . . . . . . . . . . . . . . . Scanalyzers 1 | . . . . . . . . . . . . . . . . . . . . . . . 1 Garrison Access 2 | . . . . . . . 1 . . . . . . . . 1 . . . . . . . Terminal Hacks 34 | . 1 . . 1 . 1 . 5 . 6 . . 1 . . . . . . 17 . . 2 Record 10 | . . . . 1 . 1 . . . 1 . . 1 . . . . . . 5 . . 1 Part Schematic 5 | . . . . . . . . . . 1 . . . . . . . . . 4 . . . Robot Analysis 5 | . 1 . . . . . . . . . . . . . . . . . . 4 . . . Prototype ID Bank 5 | . . . . . . . . . . 1 . . . . . . . . . 4 . . . Open Door 5 | . . . . . . . . 1 . 3 . . . . . . . . . . . . 1 Alert Level 1 | . . . . . . . . 1 . . . . . . . . . . . . . . . Recall Investigation 1 | . . . . . . . . 1 . . . . . . . . . . . . . . . Recall Reinforcements 1 | . . . . . . . . 1 . . . . . . . . . . . . . . . Zone Layout 1 | . . . . . . . . 1 . . . . . . . . . . . . . . . Fabricator Hacks 2 | . . . . . . . . . . . . . . 1 . 1 . . . . . . . Build 2 | . . . . . . . . . . . . . . 1 . 1 . . . . . . . Repair Station Hacks . | . . . . . . . . . . . . . . . . . . . . . . . . Recycling Unit Hacks . | . . . . . . . . . . . . . . . . . . . . . . . . Scanalyzer 1 | . . . . . . . . . . . . . . . . . . . . . . . 1 Insert Component 1 | . . . . . . . . . . . . . . . . . . . . . . . 1 Garrison Access Hacks 1 | . . . . . . . . . . . . . . . . 1 . . . . . . . Seal Access 1 | . . . . . . . . . . . . . . . . 1 . . . . . . . Unauthorized Hacks . | . . . . . . . . . . . . . . . . . . . . . . . . Terminals . | . . . . . . . . . . . . . . . . . . . . . . . . Fabricators . | . . . . . . . . . . . . . . . . . . . . . . . . Repair Stations . | . . . . . . . . . . . . . . . . . . . . . . . . Recycling Units . | . . . . . . . . . . . . . . . . . . . . . . . . Scanalyzers . | . . . . . . . . . . . . . . . . . . . . . . . . Garrison Access . | . . . . . . . . . . . . . . . . . . . . . . . . Data Cores Recovered 3 | . . . . . . . . . . . . . 2 1 . . . . . . . . . Used 1 | . . . . . . . . . . . . . 1 . . . . . . . . . . Hacking Detections 23 | . 2 1 . . . 2 3 . 1 6 4 . 1 1 . 1 . . . . . . 1 Full Trace Events 4 | . . . . . . . 1 . . 1 2 . . . . . . . . . . . . Feedback Events 1 | . . . . . . . 1 . . . . . . . . . . . . . . . . Corruption 1 | . . . . . . . 1 . . . . . . . . . . . . . . . . Feedback Blocked . | . . . . . . . . . . . . . . . . . . . . . . . . Robot Schematics Acquired . | . . . . . . . . . . . . . . . . . . . . . . . . Robots Built . | . . . . . . . . . . . . . . . . . . . . . . . . Matter . | . . . . . . . . . . . . . . . . . . . . . . . . Time . | . . . . . . . . . . . . . . . . . . . . . . . . Total Robot Build Rating . | . . . . . . . . . . . . . . . . . . . . . . . . Part Schematics Acquired 5 | . . . . . . . . . . 1 . . . . . . . . . 4 . . . Parts Built 1 | . . . . . . . . . . . . . . . . 1 . . . . . . . Matter 490 | . . . . . . . . . . . . . . 256 . 234 . . . . . . . Time 245 | . . . . . . . . . . . . . . 128 . 117 . . . . . . . Total Part Build Rating 7 | . . . . . . . . . . . . . . . . 7 . . . . . . . Parts Repaired . | . . . . . . . . . . . . . . . . . . . . . . . . Time . | . . . . . . . . . . . . . . . . . . . . . . . . Parts Recycled . | . . . . . . . . . . . . . . . . . . . . . . . . Recycled Matter . | . . . . . . . . . . . . . . . . . . . . . . . . Retrieved Matter . | . . . . . . . . . . . . . . . . . . . . . . . . Retrieved Components . | . . . . . . . . . . . . . . . . . . . . . . . . Parts Scanalyzed . | . . . . . . . . . . . . . . . . . . . . . . . . Part Schematics Acquired . | . . . . . . . . . . . . . . . . . . . . . . . . Parts Damaged . | . . . . . . . . . . . . . . . . . . . . . . . . Bothacking | -11 -10 -9 -9 -9 -8 -8 -7 -7 -6 -6 -6 -6 -6 -5 -5 -5 -4 -4 -4 -4 -3 -3 -3 ------------ Run | Scr Mat Mat Min Exi Min Mat Fac Sto Fac Ext Cet Arc Hub Fac Was Fac Fac Upp Upp Zhi Pro Res Qua Used RIF Installer . | . . . . . . . . . . . . . . . . . . . . . . . . Robots Hacked . | . . . . . . . . . . . . . . . . . . . . . . . . Non-combat . | . . . . . . . . . . . . . . . . . . . . . . . . Combat . | . . . . . . . . . . . . . . . . . . . . . . . . Robot Hacks Applied . | . . . . . . . . . . . . . . . . . . . . . . . . Relay Couplers Released 4 | . . . . . . . . . . . . . . 4 . . . . . . . . . Programmers 4 | . . . . . . . . . . . . . . 4 . . . . . . . . . Robots Rewired 11 | . . . . . . . . . . 11 . . . . . . . . . . . . . Allies Hacked . | . . . . . . . . . . . . . . . . . . . . . . . . Hacks Repelled . | . . . . . . . . . . . . . . . . . . . . . . . . Allies | -11 -10 -9 -9 -9 -8 -8 -7 -7 -6 -6 -6 -6 -6 -5 -5 -5 -4 -4 -4 -4 -3 -3 -3 -------- Run | Scr Mat Mat Min Exi Min Mat Fac Sto Fac Ext Cet Arc Hub Fac Was Fac Fac Upp Upp Zhi Pro Res Qua Total Allies 59 | . . . 2 . . . . 10 . 14 5 . . . 20 . . . . . . . 8 Largest Group 19 | . . . 2 . . . . 10 . 5 6 6 . . 19 19 16 12 11 6 6 . . Highest-Rated Group 696 | . . . 51 . . . . 173 . 263 626 626 . . 696 696 616 500 450 233 233 . . Highest-Rated Ally 156 | . . . 31 . . . . 29 . 156 156 156 . . 50 50 50 50 50 46 46 . . Total Orders 3 | . . . . . . . . 2 1 . . . . . . . . . . . . . . FOLLOW 1 | . . . . . . . . 1 . . . . . . . . . . . . . . . AID 1 | . . . . . . . . 1 . . . . . . . . . . . . . . . EXPLORE 1 | . . . . . . . . . 1 . . . . . . . . . . . . . . Ally Attacks 332 | . . . 13 . . . . 22 . 38 46 49 . . 20 44 32 16 26 . 13 . 13 Total Damage 10241 | . . . 499 . . . . 310 . 963 1214 1783 . . 390 1398 935 1311 587 . 275 . 576 Kills 72 | . . . 2 . . . . 2 . 10 9 14 . . . 14 4 9 4 . 3 . 1 Allies Corrupted 1 | . . . . . . . . . . 1 . . . . . . . . . . . . . Allies Melted . | . . . . . . . . . . . . . . . . . . . . . . . . Intel | -11 -10 -9 -9 -9 -8 -8 -7 -7 -6 -6 -6 -6 -6 -5 -5 -5 -4 -4 -4 -4 -3 -3 -3 ------- Run | Scr Mat Mat Min Exi Min Mat Fac Sto Fac Ext Cet Arc Hub Fac Was Fac Fac Upp Upp Zhi Pro Res Qua Robot Analysis Total 5 | . 1 . . . . . . . . . . . . . . . . . . 4 . . . Derelict Logs Recovered 5 | . . . 1 . . . . . . . . . . . . . . 1 3 . . . . Drone Launches 1 | . . . . . . . . . 1 . . . . . . . . . . . . . . Drone Recoveries 1 | . . . . . . . . . 1 . . . . . . . . . . . . . . Exploration | -11 -10 -9 -9 -9 -8 -8 -7 -7 -6 -6 -6 -6 -6 -5 -5 -5 -4 -4 -4 -4 -3 -3 -3 ------------- Run | Scr Mat Mat Min Exi Min Mat Fac Sto Fac Ext Cet Arc Hub Fac Was Fac Fac Upp Upp Zhi Pro Res Qua Turns Passed 11967 | 47 386 594 774 551 33 923 876 877 422 1080 425 125 228 1786 318 308 130 460 394 164 351 317 398 Spaces Moved 7824 | 44 249 327 417 345 16 406 473 474 255 537 214 66 119 952 352 285 169 388 379 198 615 267 277 Core 17 | 7 . . 2 . . 5 . . 1 . . . . . . . . . . . . . 2 Treads 1001 | . . . . . . 5 . . . . 176 66 119 635 . . . . . . . . . Legs 2607 | . . . 263 345 16 359 472 406 171 537 38 . . . . . . . . . . . . Wheels 765 | 37 249 327 152 . . . . . . . . . . . . . . . . . . . . Hover 3434 | . . . . . . 37 1 68 83 . . . . 317 352 285 169 388 379 198 615 267 275 Flight . | . . . . . . . . . . . . . . . . . . . . . . . . Fastest Speed 34 | 50 90 90 100 160 130 48 126 112 112 120 120 160 160 44 44 44 44 44 44 38 38 34 34 Average Speed 104 | 84 90 97 167 160 148 135 151 137 138 125 154 160 160 128 44 44 45 110 44 41 38 40 45 Slowest Speed 750 | 100 90 100 600 160 160 450 250 176 750 150 180 160 160 236 44 44 48 112 112 44 92 90 450 Overloaded Moves . | . . . . . . . . . . . . . . . . . . . . . . . . Propulsion Burnouts . | . . . . . . . . . . . . . . . . . . . . . . . . Robots Hopped . | . . . . . . . . . . . . . . . . . . . . . . . . Cave-ins Triggered 2 | . . . . . . . . . . 1 . . . 1 . . . . . . . . . Teleports 1 | . . . . . . . . . . . . . . . . . . . . . . 1 . Exploration Rate (%) 44 | 3 43 36 98 87 8 34 10 72 8 68 62 83 14 30 95 13 7 57 60 60 68 18 25 Regions Visited 23 Branch Regions 13 Pre-discovered Areas 4 | . . . . . . . . . . . . . . . . . . 1 . 3 . . . Known Exits Taken 7 | . . . . . . . . . . . . . . . . 1 1 1 1 1 1 1 . Unknown Exits Taken 14 | 1 1 1 1 1 1 1 1 1 1 1 1 1 1 . . . . . . . . . . Scrap Searched 5 | . . . 2 . . . . . . . . . . . . . . 1 1 . 1 . . Spaces Dug 46 | . . . . . . . 6 4 . 11 . . . 1 . . . . . . . 11 13 Terrain Destroyed 260 | . . . . . . 4 6 4 . 11 6 4 7 118 9 1 11 5 6 . 28 23 17 Melee 21 | . . . . . . . 6 4 . 11 . . . . . . . . . . . . . Projectile 189 | . . . . . . . . . . . 6 4 7 76 9 1 7 5 6 . 28 23 17 AOE 50 | . . . . . . 4 . . . . . . . 42 . . 4 . . . . . . Terrain Rammed . | . . . . . . . . . . . . . . . . . . . . . . . . Walls Destroyed . | . . . . . . . . . . . . . . . . . . . . . . . . Machines Disabled . | . . . . . . . . . . . . . . . . . . . . . . . . Actions | -11 -10 -9 -9 -9 -8 -8 -7 -7 -6 -6 -6 -6 -6 -5 -5 -5 -4 -4 -4 -4 -3 -3 -3 --------- Run | Scr Mat Mat Min Exi Min Mat Fac Sto Fac Ext Cet Arc Hub Fac Was Fac Fac Upp Upp Zhi Pro Res Qua Total 10744 | 51 398 521 458 344 20 687 600 627 312 853 274 74 136 1382 435 464 207 409 591 273 691 426 511 Wait 1720 | . 139 124 17 . . 125 83 79 17 41 4 . . 261 36 162 27 17 200 54 44 113 177 Move 7803 | 43 248 327 416 344 15 405 472 473 254 536 213 65 118 952 351 284 168 387 378 197 614 266 277 Hop . | . . . . . . . . . . . . . . . . . . . . . . . . Pick Up 91 | 2 . 12 . . . 10 4 6 8 7 5 . 1 20 4 2 2 . . 1 1 . 6 Fast Attach 138 | 5 2 5 2 . 1 35 7 4 9 12 13 . . 25 . 3 1 1 1 6 . 5 1 Attach 45 | 1 . 1 . . . 6 3 3 1 3 1 . 1 10 . . 2 . . . 2 4 7 Detach 12 | . 1 1 . . . 3 . . . . . . . 2 . . . . . 1 . 4 . Swap 59 | . . 2 3 . . 7 2 4 4 5 3 . 3 5 1 4 . . 3 2 6 1 4 Drop 177 | . 1 8 3 . . 26 9 10 12 16 16 . 3 35 3 7 . . 3 8 4 3 10 Fire 353 | . 7 41 17 . 3 61 . . . . 8 5 10 71 40 2 7 4 6 4 20 25 22 Melee 147 | . . . . . . 6 20 46 7 57 11 . . . . . . . . . . . . Ram 14 | . . . . . . 1 . . . . . . . 1 . . . . . . . 5 7 Kick 4 | . . . . . 1 2 . . . 1 . . . . . . . . . . . . . Crush . | . . . . . . . . . . . . . . . . . . . . . . . . Escape Stasis 8 | . . . . . . . . . . 8 . . . . . . . . . . . . . Rewire 173 | . . . . . . . . 2 . 167 . 4 . . . . . . . . . . . Trap . | . . . . . . . . . . . . . . . . . . . . . . . . Miscellaneous . | . . . . . . . . . . . . . . . . . . . . . . . . Route ------- -11/Scrapyard -10/Materials -9/Materials -9/Mines (discovered 3 exits: *Mat x2 / *Exi) -9/Exiles (discovered 2 exits: [*Min x2]) -8/Mines -8/Materials -7/Factory (discovered 2 exits: *Sto / Low) -7/Storage -6/Factory -6/Extension (discovered 2 exits: *Fac / *Cet) -6/Cetus -6/Archives (discovered 2 exits: *Fac / *Hub) -6/Hub_04(d) -5/Factory -5/Waste -5/Factory -4/Factory -4/Upper Caves -4/Upper Caves -4/Zhirov -3/Proximity Caves -3/Research -3/Quarantine History --------- Turn | Location | Event 2 | -11/Scrapyard | Met Revision 17 6 | -11/Scrapyard | Discovered new exit (range 16) 48 | -11/Scrapyard | Entered Materials 309 | -10/Materials | Build established: Mutant 398 | -10/Materials | Discovered new exit (range 15) 434 | -10/Materials | Entered another Materials area 434 | -9/Materials | Evolved 2 slots: Utility x2 1014 | -9/Materials | Discovered new exit (range 14) 1028 | -9/Materials | Entered Mines 1222 | -9/Mines | Discovered new exit (range 15) 1561 | -9/Mines | Deemed a non-threat by the Exiles lab entrance 1561 | -9/Mines | Discovered new exit (range 5) 1696 | -9/Mines | Discovered new exit (range 13) 1802 | -9/Mines | Entered Exiles 1802 | -9/Exiles | Found Exiles lab abandoned 1823 | -9/Exiles | Discovered new exit (range 15) 2339 | -9/Exiles | Discovered new exit (range 10) 2353 | -9/Exiles | Entered Mines 2371 | -8/Mines | Discovered new exit (range 10) 2386 | -8/Mines | Core integrity fell below 50% 2386 | -8/Mines | Entered Materials 2386 | -8/Materials | Evolved 2 slots: Propulsion x2 2394 | -8/Materials | Lost 3 parts (1n2w) 2579 | -8/Materials | Lost 3 parts (3n) 2707 | -8/Materials | Core integrity fell below 50% 2766 | -8/Materials | Lost 12 parts (2p4n6w) 2991 | -8/Materials | Garrison activated, responded to threat 2997 | -8/Materials | Core integrity fell below 20% 3053 | -8/Materials | Lost 4 parts (1n1u2w) 3087 | -8/Materials | Build established: Scavenger-Mutant 3270 | -8/Materials | Discovered new exit (range 10) 3309 | -8/Materials | Entered Factory 3309 | -7/Factory | Evolved 2 slots: Utility x1, Weapon x1 3310 | -7/Factory | Identified exit to Lower Caves 3432 | -7/Factory | Build established: Mutant 3842 | -7/Factory | Discovered new exit (range 12) 4185 | -7/Factory | Entered Storage 4516 | -7/Storage | Assisted by bots powering up and referring to "LRC-V3" 4701 | -7/Storage | Lost 3 parts (1p1n1u) 5043 | -7/Storage | Discovered new exit (range 16) 5062 | -7/Storage | Entered Factory 5062 | -6/Factory | Evolved 2 slots: Power x1, Propulsion x1 5431 | -6/Factory | Discovered new exit (range 15) 5484 | -6/Factory | Entered Extension 5813 | -6/Extension | Rescued a captive Derelict 5909 | -6/Extension | Crushed by falling debris 5937 | -6/Extension | Rescued a captive Derelict 6235 | -6/Extension | Lost 3 parts (2n1u) 6406 | -6/Extension | Rescued A7 6518 | -6/Extension | Discovered new exit (range 10) 6522 | -6/Extension | Discovered new exit (range 6) 6564 | -6/Extension | Entered Cetus 6564 | -6/Cetus | Accompanied by 5 allies (A7) 6569 | -6/Cetus | Acquired a Cetus Manufacturing Module code from A7 6581 | -6/Cetus | Spotted Cetus Guard 6581 | -6/Cetus | Spotted Cetus Guard 6582 | -6/Cetus | Spotted Cetus Guard 6583 | -6/Cetus | Spotted Cetus Guard 6602 | -6/Cetus | Allies destroyed Cetus Guard 6609 | -6/Cetus | Destroyed Cetus Guard 6626 | -6/Cetus | Allies destroyed Cetus Guard 6629 | -6/Cetus | Allies destroyed Cetus Guard 6659 | -6/Cetus | Lost 6 parts (1p3n1u1w) 6807 | -6/Cetus | Started Cetus Manufacturing Module 6832 | -6/Cetus | Manufactured an Enhanced Grunt 6857 | -6/Cetus | Manufactured an Enhanced Grunt 6882 | -6/Cetus | Manufactured an Enhanced Grunt 6907 | -6/Cetus | Manufactured an Enhanced Grunt 6932 | -6/Cetus | Manufactured an Enhanced Grunt 6935 | -6/Cetus | Build established: Scavenger-Tank 6959 | -6/Cetus | Discovered new exit (range 15) 6989 | -6/Cetus | Entered Archives 6989 | -6/Archives | Accompanied by 6 allies (A7) 7023 | -6/Archives | Met Zhirov 7029 | -6/Archives | Reinforcements dispatched to Archives 7055 | -6/Archives | Discovered new exit (range 15) 7074 | -6/Archives | Reinforcements dispatched to Archives 7076 | -6/Archives | Zhirov warped through subspace 7094 | -6/Archives | Zhirov detonated Archives 7094 | -6/Archives | Discovered new exit (range 15) 7095 | -6/Archives | Core integrity fell below 50% 7114 | -6/Archives | Entered Hub_04(d) 7329 | -6/Hub_04(d) | Discovered new exit (range 8) 7342 | -6/Hub_04(d) | Entered Factory 7342 | -5/Factory | Evolved 2 slots: Utility x2 8074 | -5/Factory | Destroyed 7 combat bots 8195 | -5/Factory | Crushed by falling debris 8195 | -5/Factory | System corruption reached 10% 8955 | -5/Factory | Found Prototype Processor 8955 | -5/Factory | Identified Exp. Signal Interpreter 9128 | -5/Factory | Sucked down chute 9128 | -5/Factory | Entered Waste 9129 | -5/Waste | Met a frightened Derelict 9130 | -5/Waste | Spotted C-40 Crusher 9151 | -5/Waste | Destroyed C-40 Crusher 9172 | -5/Waste | Spotted C-40 Crusher 9190 | -5/Waste | Spotted C-40 Crusher 9198 | -5/Waste | Destroyed C-40 Crusher 9223 | -5/Waste | Destroyed C-40 Crusher 9240 | -5/Waste | Spotted C-40 Crusher 9244 | -5/Waste | Destroyed C-40 Crusher 9247 | -5/Waste | Spotted C-40 Crusher 9283 | -5/Waste | Destroyed C-40 Crusher 9298 | -5/Waste | Spotted C-40 Crusher 9315 | -5/Waste | Destroyed C-40 Crusher 9348 | -5/Waste | Discovered new exit (range 15) 9353 | -5/Waste | Warlord forces began an assault 9408 | -5/Waste | Identified exit to Factory 9446 | -5/Waste | Entered Factory 9446 | -5/Factory | Accompanied by 19 allies 9496 | -5/Factory | Garrison activated, responded to threat 9502 | -5/Factory | Build established: Scavenger-Gunner 9681 | -5/Factory | Fabricated Adv. Armor Integrity Analyzer (x1) 9696 | -5/Factory | Discovered new exit (range 15) 9702 | -5/Factory | Identified exit to Factory 9754 | -5/Factory | Entered another Factory area 9754 | -4/Factory | Accompanied by 16 allies 9754 | -4/Factory | Evolved 2 slots: Utility x2 9805 | -4/Factory | Discovered new exit (range 15) 9815 | -4/Factory | Identified exit to Upper Caves 9825 | -4/Factory | Lost 3 parts (1p1n1u) 9884 | -4/Factory | Entered Upper Caves 9884 | -4/Upper Caves | Accompanied by 12 allies 9972 | -4/Upper Caves | Learned location of Armory (-4) 10069 | -4/Upper Caves | Attracted the attention of an 0b10 checkpoint 10254 | -4/Upper Caves | Discovered new exit (range 11) 10282 | -4/Upper Caves | Identified exit to Upper Caves 10344 | -4/Upper Caves | Entered another Upper Caves area 10344 | -4/Upper Caves | Accompanied by 11 allies 10364 | -4/Upper Caves | Learned Research stockpile data 10551 | -4/Upper Caves | Encountered a Warlord checkpoint 10675 | -4/Upper Caves | Discovered new exit (range 16) 10681 | -4/Upper Caves | Identified exit to Zhirov 10738 | -4/Upper Caves | Entered Zhirov 10738 | -4/Zhirov | Accompanied by 6 allies 10738 | -4/Zhirov | Discovered new exit (range 3) 10755 | -4/Zhirov | Learned location of Quarantine (-3) 10755 | -4/Zhirov | Learned location of Testing (-2) 10755 | -4/Zhirov | Learned location of Command (-1) 10768 | -4/Zhirov | Found Alien Artifact 10768 | -4/Zhirov | Identified Integrated Reactor 10768 | -4/Zhirov | Installed Integrated Reactor, increased core energy generation (+10) 10778 | -4/Zhirov | Found Alien Artifact 10848 | -4/Zhirov | Identified exit to Proximity Caves 10902 | -4/Zhirov | Entered Proximity Caves 10902 | -3/Proximity Caves | Accompanied by 6 allies 11098 | -3/Proximity Caves | Attracted the attention of an 0b10 checkpoint 11205 | -3/Proximity Caves | Discovered new exit (range 6) 11207 | -3/Proximity Caves | Identified exit to Research 11253 | -3/Proximity Caves | Entered Research 11253 | -3/Research | Evolved 2 slots: Weapon x2 11254 | -3/Research | Identified exit to Quarantine 11415 | -3/Research | Garrison activated, responded to threat 11439 | -3/Research | Identified Transdimensional Reconstructor 11439 | -3/Research | Warped through subspace 11540 | -3/Research | Lost 4 parts (1p1n2u) 11570 | -3/Research | Entered Quarantine 11661 | -3/Quarantine | Found Alien Artifact 11764 | -3/Quarantine | Identified Matter Drive 11820 | -3/Quarantine | First assault squad dispatched 11921 | -3/Quarantine | Found Alien Artifact 11921 | -3/Quarantine | Identified Core Reset Matrix 11921 | -3/Quarantine | Used Core Reset Matrix 11925 | -3/Quarantine | Detected hypermatrix surge 11925 | -3/Quarantine | Sensed 14 artifacts in vicinity 11932 | -3/Quarantine | Met incapacitated Sigix Warrior 11932 | -3/Quarantine | Lockdown squad dispatched 11933 | -3/Quarantine | Acquired the access code to the Sigix quarantine chamber 11934 | -3/Quarantine | Unlocked Sigix quarantine chamber 11951 | -3/Quarantine | Core integrity fell below 50% 11961 | -3/Quarantine | Emitted hypermatrix ping 11963 | -3/Quarantine | Core integrity fell below 20% 11965 | -3/Quarantine | System corruption reached 10% 11966 | -3/Quarantine | Assembled emerged from beneath the floor 11968 | -3/Quarantine | Destroyed by G-73 Enforcer with Phase Gun Last Messages --------------- 11960_ Adv. Target Analyzer destroyed. 11960_ System corrupted by crushing effect (+5). 11961_ Emitted hypermatrix ping. 11964_ Adv. Targeting Computer destroyed. 11964_ System corrupted by crushing effect (+4). 11964_ Imp. Core Analyzer destroyed. 11964_ System corrupted by crushing effect (+5). 11966_ Assembled emerge from beneath the floor. 11966_ as-69143 sneak attacks. 11966_ X-82 Rainmaker destroyed. 11966_ as-71403 sneak attacks. 11966_ G-73 Enforcer knocked back. 11966_ as-99104 sneak attacks. 11966_ Slug penetrates Wall. 11966_ as-94354 sneak attacks. 11966_ as-72633 destroyed. 11966_ Exp. Signal Interpreter destroyed. 11966_ System corrupted by crushing effect (+4). 11968_ G-67 Veteran knocked back. 11968_ as-70912 destroyed. Map ----- +----------------------------------------------------+ | ??????????????????????????????????????????????? | | ??????????????????????????????????????????????? | | ??????????????????????????????????????????????? | | ??????????????????????????????????????????????? | | ??????????????????????????????????????????????? | | ??????????????????????????????????????????????? | | ??????????????????????????????????????????????? | | ??????????????????????????????????????????????? | | ??????????????????????????????????????????????? | | ????????????? ????????????????????????????????? | | ?????????????? ????###k###????????????????????? | | ??????????????? #### #????????????????????? | | ???????????????? ????????????????????? | | ????????????????? = ????????????????????? | | ?????????????????? ?????????????????????? | | ???????????????????# ?????????????????????? | | ????????????????????# R #######???????????????? | | ????????????????????# # """#???????????????? | | ????????????????????# # """#???????????????? | | ?????###########????# + ""#???????????????? | | ?????#"""""""""#????# # """#???????????????? | | ?????#"""""""""#????# # """#???????????????? | | ?????#""" " T######ix #######???????????????? | | ?????#"" g gagg g#?????????????????????? | | ?????#"" %baa#?????????????????????? | | ?????#"" ! iaab%@a#?????????????????????? | | ?????#""" " T#T########?????????????????????? | | ?????#"""""""""###????????????????????????????? | | ?????#"""""""""#??????????????????????????????? | | ?????###########??????????????????????????????? | | ??????????????????????????????????????????????? | | ??????????????????????????????????????????????? | | ??????????????????????????????????????????????? | | | | | | | | | | | | | | | | | | | | | | | | | | | | | | | | | | | +----------------------------------------------------+ Best States ------------- Heat Dissipation 97 Energy Generation 51 Energy Capacity 450 Matter Stores 300 Matter Capacity 300 Sight Range 16 Terrain Scan Density 10 Additional Mass Support 9 Armor Coverage 1350 Propulsion Shielding 66 Utility Shielding 90 Weapon Shielding 90 Phase Shifting 5 Evasion (%) 58 Targeting Accuracy 8 Melee Accuracy 17 Target Analysis 8 Core Analysis 8 Armor Integrity Analysis 66 Recoil Reduction 5 Particle Charging 15 Salvage Targeting 3 Offensive Hacking 10 Item Schematics ----------------- None Robot Schematics ------------------ None Fabricated ------------ Adv. Armor Integrity Analyzer | x1 | -5/Factory | Preloaded Alien Tech Used ----------------- Integrated Reactor Transdimensional Reconstructor Core Reset Matrix Achievements -------------- None Challenges ------------ None Game ------ Seed MetafiberWardroneNukerbomber Manual? 0 Play Time 01:55:55 Cumulative 134.7 hours Start 2021.04.08 @ 16:56:53 End 2021.04.09 @ 17:55:55 Sessions 4 Manual Loads 0 Difficulty Rogue Special Mode None Game No. 300 Rogue 147 Adventurer 148 Explorer 5 Win Type - Total 3 Types 3/0/0/0/0/0/0/0/0 Lore% 66 Gallery% 73 Achievement% 57 Wizard Run 0 Options --------- ASCII 0 Keyboard 0 Movement Numpad Keybinds 0 Fullscreen 1 Font 18/CogNarrow Map View 76x50 Tactical HUD 1 Map Filters NONE Filters NONE Steam 1 RUN: 42b8cdf1-4930-46b6-87bc-45dd7b32a79f